 Dungeon Crawl Stone Soup version 0.20.1-1-g8b1a95d (webtiles) character file.

192689 torrenera the Gelid (level 17, -2/225 HPs)
             Began as a White Draconian Ice Elementalist on Aug 20, 2017.
             Was a High Priest of Sif Muna.
             Slain by Asterion
             ... wielding a +1 demon trident of draining
              (3 damage)
             ... on level 2 of the Snake Pit on Aug 21, 2017.
             The game lasted 02:48:58 (50145 turns).

torrenera the Gelid (DrIE)                         Turns: 50145, Time: 02:49:00

Health: -2/225     AC: 12    Str: 18    XL:     17   Next: 61%
Magic:  10/40      EV: 16    Int: 26    God:    Sif Muna [*****.]
Gold:   1660       SH:  4    Dex: 12    Spells: 3/36 levels left

rFire    . . .     SeeInvis .   x - +8 demon blade (elec)
rCold    + . .     Gourm    +   d - +0 buckler
rNeg     . . .     Faith    .   (armour unavailable)
rPois    .         Spirit   .   (helmet restricted)
rElec    .         Reflect  .   T - +0 cloak
rCorr    .         Harm     .   (no gloves)
MR       +....                  e - +1 pair of boots
Stlth    ..........             Q - amulet of the gourmand
Regen    0.5/turn               D - +6 ring of slaying
MPRegen  0.3/turn               C - ring of Dim Egaa {+Fly MP+9 Str+2 Int+4 Stlth+}

@: berserking, very heavily drained, very quick
A: breathe frost, unfitting armour, cold resistance 1, cold-blooded, AC +9
}: 1/15 runes: decaying
a: Breathe Frost, Divine Energy, Channel Magic, Forget Spell, Renounce Religion,
Evoke Flight


You were on level 2 of the Snake Pit.
You worshipped Sif Muna.
Sif Muna was extremely pleased with you.
You were hungry.

You visited 6 branches of the dungeon, and saw 30 of its levels.

You collected 2395 gold pieces.
You spent 735 gold pieces at shops.

Inventory:

Hand Weapons
 x - a +8 demon blade of electrocution (weapon)
Missiles
 n - 932 stones (quivered)
Armour
 d - a +0 buckler (worn)
 e - a +1 pair of boots (worn)
 T - a +0 cloak (worn)
Jewellery
 g - an uncursed ring of poison resistance {unknown}
 C - the ring of Dim Egaa (right hand) {+Fly MP+9 Str+2 Int+4 Stlth+}
   (You found it on level 2 of the Lair of Beasts)

   [ring of magical power]

   It affects your strength (+2).
   It affects your intelligence (+4).
   It affects your magic capacity (+9).
   It lets you fly.
   It makes you more stealthy.
 D - a +6 ring of slaying (left hand)
 E - an uncursed ring of protection from fire
 Q - an amulet of the gourmand (around neck)
Wands
 f - a wand of flame (34/48)
 m - a wand of digging (11/24)
 B - a wand of iceblast (10/15)
 F - a wand of digging (16/24)
 M - a wand of confusion (28/48)
 O - a wand of disintegration (2/24)
 W - a wand of enslavement (11/24)
Scrolls
 c - 3 scrolls of immolation
 p - 3 scrolls of noise
 q - a scroll of vulnerability
 u - 3 scrolls of magic mapping
 y - 12 scrolls of teleportation
 J - 2 scrolls of torment
 L - 3 scrolls of fog
 X - 7 scrolls of remove curse
 Y - 9 scrolls of identify
 Z - 3 scrolls of summoning
Potions
 a - a potion of cancellation
 h - 4 potions of agility
 i - a potion of berserk rage
 j - 3 potions of invisibility
 k - a potion of resistance
 o - a potion of ambrosia
 w - 3 potions of haste
 z - 4 potions of might
 A - 7 potions of curing
 I - 8 potions of brilliance
 K - 5 potions of lignification
Books
 l - Dides's Catalogue of Feathers and Envenoming
   (Sif Muna gifted it to you on level 1 of the Snake Pit)

   Spells                             Type                      Level
   a - Mephitic Cloud                 Conjuration/Poison/Air       3
   b - Spider Form                    Transmutation/Poison         3
   c - Silence                        Hexes/Air                    5
   d - Deflect Missiles               Charms/Air                   6
   e - Conjure Ball Lightning         Conjuration/Air              6
   f - Chain Lightning                Conjuration/Air              8
   g - Tornado                        Air                          9
Miscellaneous
 s - a fan of gales
Comestibles
 b - 21 bread rations
 r - a royal jelly


   Skills:
 * Level 13.5(9.8) Fighting
 - Level 14.4(10.6) Long Blades
 + Level 12.4(8.8) Dodging
 - Level 1.7(0.0) Stealth
 * Level 4.6(1.6) Shields
 - Level 10.0(6.6) Spellcasting
 - Level 10.0(6.6) Conjurations
 - Level 5.1(2.1) Summonings
 - Level 15.2(11.4) Ice Magic
 - Level 10.5(7.0) Air Magic


You had 3 spell levels left.
You knew the following spells:

 Your Spells              Type           Power        Failure   Level  Hunger
a - Freeze                Ice            ####         1%          1    None
b - Ozocubu's Armour      Chrm/Ice       #####...     2%          3    None
c - Summon Ice Beast      Ice/Summ       #####...     5%          4    ###....
d - Bolt of Cold          Conj/Ice       ######....   30%         6    ######.
e - Call Canine Familiar  Summ           ###.....     11%         3    None
f - Summon Guardian Gole  Hex/Summ       ##......     17%         3    None
g - Ensorcelled Hibernat  Hex/Ice        #####.       1%          2    None
h - Freezing Cloud        Conj/Ice/Air   ######....   38%         6    ######.
i - Swiftness             Chrm/Air       ####....     3%          2    None
j - Regeneration          Chrm/Necr      #.........   26%         3    None


Dungeon Overview and Level Annotations

Branches:
Dungeon (15/15)            Temple (1/1) D:7            Lair (6/6) D:10
  Swamp (4/4) Lair:2        Snake (1/4) Lair:4        Slime (0/5) Lair:6
    Orc (2/2) D:10            Elf (0/3) Orc:2        Vaults (0/5) D:14
 Depths (0/5) D:15

Altars:
Ashenzari
Cheibriados
Dithmenos
Elyvilon
Fedhas
Gozag
Hepliaklqana
Kikubaaqudgha
Makhleb
Nemelex Xobeh
Okawaru
Qazlal
Ru
Sif Muna
Trog
Uskayaw
Vehumet
Xom
Yredelemnul
Zin
The Shining One
Jiyva

Shops:
D:8 *   D:11 *   Orc:2 ((?*

Annotations:
D:3 hilaritas's ghost, amateur FoFi
D:9 exclusion: ice statue
Swamp:2 exclusion: Roxanne, Roxanne
Snake:2 Asterion


Innate Abilities, Weirdness & Mutations

You can breathe waves of freezing cold.
You can buffet flying creatures when you breathe cold.
Your icy white scales are hard. (AC +9)
You cannot fit into any form of body armour.
Your flesh is cold resistant. (rC+)
You are cold-blooded and may be slowed by cold attacks.


Message History

* * * LOW HITPOINT WARNING * * *
You feel drained.
* * * LOW HITPOINT WARNING * * *
Asterion gores you!
* * * LOW HITPOINT WARNING * * *
Okay, then.
Okay, then.
A red film seems to cover your vision as you go berserk!
You feel yourself moving faster!
You feel mighty!
Asterion blocks your ice beast's attack.
Asterion is engulfed in freezing vapours.
Asterion closely misses you. x2
Your ice beast hits Asterion but does no damage.
Asterion blocks your attack.
Asterion is heavily wounded.
Asterion is engulfed in freezing vapours.
Asterion hits you with a demon trident of draining!
* * * LOW HITPOINT WARNING * * *
You feel drained.
You die...

## ### # #..
##..###. ....
#....... ...#
##......###§.##
###........#§§..##
..........Y§§§§..#
..........@HY§§...
..........##§§....
.........## .....
##..##.## .... ..
#..# ... . #..# ..
#..# . #..# ..
#..# #...


You could see Asterion and 2 friendly ice beasts.

Vanquished Creatures
  3 thorn hunters
  Aizul (Swamp:3)
  Nessos (D:13)
  Azrael (D:13)
  A fire dragon (D:15)
  An ice dragon (Swamp:4)
  Harold (Lair:3)
  2 naga warriors (Snake:1)
  3 ghost crabs
  5 anacondas (Snake:1)
  15 hydras
  A vault guard (D:14)
  15 alligators
  2 centaur warriors (D:13)
  17 two-headed ogres
  12 death yaks
  5 tengu warriors
  5 ogre magi
  Urug (Lair:3)
  3 skeletal warriors (D:14)
  8 sea snakes (Snake:1)
  2 wizards (D:14)
  A shambling mangrove (Swamp:4)
  3 naga ritualists (Snake:1)
  2 spriggan druids (Swamp:4)
  9 swamp dragons
  4 mana vipers
  The ghost of hilaritas the Spear-Bearer, a novice MfFi of Makhleb (D:8)
  2 necromancers (D:14)
  4 salamanders (Snake:1)
  2 manticores
  2 deep elf magi
  23 slime creatures
  4 ugly things
  6 orc sorcerers
  8 elephants (Lair:5)
  13 black mambas
  A guardian serpent (Snake:1)
  14 spiny frogs
  4 naga magi
  Maurice (D:11)
  3 centaur skeletons
  A torpor snail (Lair:4)
  4 rime drakes
  4 komodo dragons
  A kobold demonologist (D:14)
  A yaktaur (D:14)
  A hydra zombie (Swamp:4)
  12 meliai
  3 trolls
  2 tengu conjurers (D:15)
  A wolf spider simulacrum (D:15)
  4 polar bears
  10 bog bodies
  12 tyrant leeches
  15 blink frogs
  12 hornets
  16 porcupines
  10 hippogriffs
  16 spriggans
  3 shadows
  3 wraiths
  A spriggan (shapeshifter) (D:15)
  A vampire (D:13)
  A hog (D:8)
  2 fire elementals (D:13)
  19 humans
  3 wyverns
  3 basilisks
  56 yaks
  14 vampire mosquitoes
  A tyrant leech zombie (Swamp:4)
  Grum (D:10)
  A hungry ghost (D:13)
  6 nagas (Snake:1)
  23 insubstantial wisps
  13 swamp worms
  2 acid dragons (D:15)
  2 soldier ants
  2 hell hounds (D:13)
  21 water moccasins
  21 orc warriors
  10 black bears
  A sky beast (D:15)
  5 ice beasts
  15 swamp drakes
  28 ogres
  A hornet zombie (D:15)
  3 phantoms
  20 centaurs
  28 wolves
  9 boggarts
  10 crocodiles
  A big kobold (D:13)
  19 bullfrogs
  A gnoll sergeant (Orc:2)
  A water moccasin zombie (Swamp:4)
  4 scorpions
  A water moccasin skeleton (D:4)
  9 wights
  22 killer bees
  4 howler monkeys
  6 electric eels
  3 bullfrog zombies
  6 crimson imps
  2 lava snakes (D:8)
  3 hounds
  A quasit (D:11)
  6 centaur zombies
  4 jellies
  13 orc priests
  2 bullfrog skeletons (D:4)
  34 orc wizards
  13 worker ants
  3 iguanas
  2 killer bee zombies
  3 hound zombies
  2 worker ant zombies
  4 gnolls (D:10)
  13 adders
  3 shadow imps
  3 adder zombies
  4 adder skeletons
  4 worms
  4 dart slugs
  4 leopard geckos
  85 orcs
  6 giant cockroaches
  8 goblins
  12 hobgoblins
  5 jackals
  7 kobolds
  5 quokkas
  7 bats
  3 frilled lizards
  A giant cockroach zombie (D:4)
  A leopard gecko zombie (D:4)
  2 quokka skeletons
  A quokka zombie (D:4)
  11 rats
1024 creatures vanquished.

Vanquished Creatures (collateral kills)
  The ghost of Setanta the Slicer, a journeyman OpAs of Okawaru (Lair:1)
  7 hydras
  An alligator (Swamp:1)
  A two-headed ogre (D:15)
  An unseen horror (D:13)
  An orc knight (Orc:2)
  An oklob plant (Lair:6)
  The ghost of ThereIsNoGod the Digger, a novice SpEE of Vehumet (Lair:1)
  Joseph (D:8)
  3 elephants (Lair:5)
  A komodo dragon (Lair:3)
  A polar bear (Lair:3)
  10 blink frogs
  A dream sheep (Lair:6)
  5 slime creatures (Swamp:1)
  A hippogriff (Lair:6)
  Sigmund (D:6)
  A hog (D:8)
  6 yaks
  3 basilisks
  2 swamp worms
  3 insubstantial wisps (Swamp:1)
  A porcupine (Lair:4)
  3 orc warriors
  A sky beast (D:7)
  A black bear (D:6)
  A necrophage (D:9)
  3 wolves
  5 ogres
  2 phantoms
  A crocodile (Lair:6)
  2 bullfrogs
  A scorpion (D:14)
  A howler monkey (D:9)
  4 wights (D:10)
  A bullfrog zombie (D:6)
  A quasit (D:10)
  An orc priest (D:9)
  A worker ant (D:6)
  A hound skeleton (D:4)
  A hound zombie (D:4)
  4 orcs
89 creatures vanquished.

Vanquished Creatures (others)
  2 two-headed ogres (Orc:2)
  2 hornets (Swamp:4)
  A human (D:14)
  A vampire mosquito (D:10)
  2 swamp drakes (Swamp:4)
  A bush (Lair:6)
  32 fungi
  18 plants
59 creatures vanquished.

Grand Total: 1172 creatures vanquished

Notes
Turn   | Place    | Note
-------+----------+-------------------------------------------
     0 | D:1      | torrenera the Draconian Ice Elementalist began the quest for the Orb.
     0 | D:1      | Reached XP level 1. HP: 14/14 MP: 3/3
   399 | D:1      | Reached XP level 2. HP: 15/20 MP: 5/5
  1146 | D:2      | Reached XP level 3. HP: 20/26 MP: 6/6
  1754 | D:2      | Learned a level 3 spell: Ozocubu's Armour
  2029 | D:2      | Reached XP level 4. HP: 33/33 MP: 2/8
  2203 | D:2      | Found a snail-covered altar of Cheibriados.
  2687 | D:3      | Reached skill level 4 in Ice Magic
  2963 | D:3      | Noticed hilaritas's ghost (amateur FoFi)
  3075 | D:3      | Reached XP level 5. HP: 38/38 MP: 6/10
  3816 | D:4      | Noticed an ogre
  3822 | D:4      | Killed an ogre
  4029 | D:4      | Reached XP level 6. HP: 14/45 MP: 10/13
  4091 | D:4      | Reached skill level 5 in Spellcasting
  4091 | D:4      | Reached skill level 5 in Ice Magic
  4182 | D:5      | Entered Level 5 of the Dungeon
  4839 | D:5      | Learned a level 4 spell: Summon Ice Beast
  5043 | D:5      | Reached skill level 1 in Summonings
  5240 | D:5      | Your scales start taking on an icy white colour.
  5240 | D:5      | Reached skill level 6 in Ice Magic
  5240 | D:5      | Reached XP level 7. HP: 50/50 MP: 11/15
  5240 | D:5      | Gained mutation: Your flesh is cold resistant. (rC+) [White Draconian growth]
  6168 | D:6      | Learned a level 4 spell: Throw Icicle
  6190 | D:6      | Reached skill level 5 in Summonings
  6357 | D:6      | Reached XP level 8. HP: 57/57 MP: 11/16
  6361 | D:6      | Noticed Sigmund
  6363 | D:6      | Reached skill level 7 in Ice Magic
  6370 | D:6      | Killed Sigmund
  6443 | D:6      | Reached skill level 8 in Ice Magic
  6994 | D:6      | Reached skill level 9 in Ice Magic
  7323 | D:4      | Reached skill level 10 in Ice Magic
  7864 | D:4      | Reached skill level 1 in Fighting
  8228 | D:7      | Noticed a hippogriff
  8239 | D:7      | Killed a hippogriff
  8239 | D:7      | Reached XP level 9. HP: 46/69 MP: 6/17
  8869 | D:7      | Reached skill level 5 in Fighting
  9224 | D:7      | Learned a level 3 spell: Call Canine Familiar
  9292 | D:7      | Found a staircase to the Ecumenical Temple.
  9303 | Temple   | Entered the Ecumenical Temple
  9400 | Temple   | Became a worshipper of Sif Muna the Loreminder
  9589 | D:8      | Noticed Joseph
  9910 | D:8      | Noticed hilaritas's ghost (novice MfFi)
  9914 | D:8      | Killed Joseph
 10333 | D:8      | Killed hilaritas's ghost
 10926 | D:8      | Reached XP level 10. HP: 73/91 MP: 10/18
 10936 | D:8      | Reached skill level 10 in Fighting
 11452 | D:8      | Found a basalt altar of Yredelemnul.
 11454 | D:8      | Found Harutoci's Evil Emporium.
 11590 | D:9      | Got a wavering garnet amulet
 11591 | D:9      | Identified the amulet "Siulops" {Inacc rF+} (You found it on level 9 of the Dungeon)
 12347 | D:9      | Noticed an ice statue
 12379 | D:9      | Noticed a two-headed ogre
 12390 | D:9      | Killed a two-headed ogre
 12390 | D:9      | Reached skill level 5 in Dodging
 12830 | D:10     | Entered Level 10 of the Dungeon
 12963 | D:10     | Noticed a two-headed ogre
 12993 | D:10     | Killed a two-headed ogre
 13512 | D:10     | Reached XP level 11. HP: 77/99 MP: 13/19
 13616 | D:10     | Reached * piety under Sif Muna
 13638 | D:10     | Noticed Grum
 13659 | D:10     | Killed Grum
 13844 | D:10     | Found a staircase to the Lair.
 14434 | D:10     | Found a staircase to the Orcish Mines.
 14814 | D:10     | Learned a level 3 spell: Summon Guardian Golem
 15154 | Lair:1   | Entered Level 1 of the Lair of Beasts
 15464 | D:10     | Reached skill level 10 in Dodging
 15895 | D:8      | Bought a +0 demon blade of electrocution for 553 gold pieces
 15973 | D:10     | Reached skill level 1 in Long Blades
 16447 | Lair:1   | Noticed a four-headed hydra
 16453 | Lair:1   | Killed a four-headed hydra
 16453 | Lair:1   | Reached skill level 5 in Long Blades
 16893 | Lair:1   | Noticed Setanta's ghost (journeyman OpAs)
 16898 | Lair:1   | Killed Setanta's ghost
 16946 | Lair:1   | Noticed ThereIsNoGod's ghost (novice SpEE)
 16952 | Lair:1   | Killed ThereIsNoGod's ghost
 17421 | Lair:2   | Got a flickering lapis lazuli ring
 17422 | Lair:2   | Identified the ring of Dim Egaa {+Fly MP+9 Str+2 Int+4 Stlth+} (You found it on level 2 of the Lair of Beasts)
 17473 | Lair:2   | Noticed a four-headed hydra
 17480 | Lair:2   | Killed a five-headed hydra
 17480 | Lair:2   | Reached XP level 12. HP: 106/106 MP: 9/20
 17613 | Lair:2   | Found a staircase to the Swamp.
 17616 | Lair:2   | Noticed a four-headed hydra
 17626 | Lair:2   | Killed a four-headed hydra
 18531 | Lair:3   | Noticed Harold
 18669 | Lair:2   | Reached ** piety under Sif Muna
 18763 | Lair:3   | Reached skill level 1 in Shields
 18767 | Lair:3   | Reached skill level 10 in Long Blades
 18807 | Lair:3   | Noticed Urug
 18830 | Lair:3   | Killed Urug
 19091 | Lair:3   | Killed Harold
 20157 | Lair:4   | Found a staircase to the Snake Pit.
 20220 | Lair:4   | Noticed a four-headed hydra
 20235 | Lair:4   | Killed a four-headed hydra
 20698 | Lair:4   | Found a runed door.
 20991 | Lair:4   | Noticed an eight-headed hydra
 21031 | Lair:4   | Killed an eight-headed hydra
 21054 | Lair:4   | Reached XP level 13. HP: 113/113 MP: 21/21
 23138 | Lair:6   | Entered Level 6 of the Lair of Beasts
 23761 | Lair:6   | Reached *** piety under Sif Muna
 24129 | Lair:6   | Paralysed by a hornet for 1 turns
 24759 | Lair:6   | Reached XP level 14. HP: 113/121 MP: 26/26
 24809 | Lair:6   | Reached **** piety under Sif Muna
 25657 | Lair:6   | Found a viscous altar of Jiyva.
 25657 | Lair:6   | Found a staircase to the Slime Pits.
 26152 | Lair:2   | Reached skill level 10 in Spellcasting
 26325 | Orc:1    | Entered Level 1 of the Orcish Mines
 26490 | Orc:2    | Entered Level 2 of the Orcish Mines
 27665 | Orc:2    | Paralysed by an ogre mage for 3 turns
 27766 | Orc:2    | Found a staircase to the Elven Halls.
 27973 | Orc:2    | Paralysed by an ogre mage for 5 turns
 28104 | Orc:2    | Found Iryguofo's Weapon Shoppe.
 28104 | Orc:2    | Found Ejeg Via's Assorted Antiques.
 28105 | Orc:2    | Found Fahybb's Antique Weapon Shop.
 28105 | Orc:2    | Found Heryurir's Magic Scroll Shoppe.
 28123 | Orc:2    | Bought a scroll of teleportation for 42 gold pieces
 28123 | Orc:2    | Bought a scroll of teleportation for 42 gold pieces
 28123 | Orc:2    | Bought a scroll of identify for 28 gold pieces
 28123 | Orc:2    | Bought a scroll of identify for 28 gold pieces
 28123 | Orc:2    | Bought a scroll of teleportation for 42 gold pieces
 29676 | D:11     | Reached ***** piety under Sif Muna
 30061 | D:11     | Identified Sif Muna's Guide on the Snowflakes and Transformation (Sif Muna gifted it to you on level 11 of the Dungeon)
 30061 | D:11     | Received a gift from Sif Muna
 30251 | D:11     | Learned a level 2 spell: Ensorcelled Hibernation
 30568 | D:11     | Noticed Maurice
 30577 | D:11     | Killed Maurice
 30578 | D:11     | Found Areth's Assorted Antiques.
 30666 | D:11     | Reached skill level 11 in Ice Magic
 31003 | D:12     | Reached XP level 15. HP: 79/132 MP: 11/29
 32424 | D:13     | Noticed Azrael
 32436 | D:13     | Noticed Nessos
 32438 | D:13     | Killed Azrael
 32438 | D:13     | Reached skill level 12 in Ice Magic
 32945 | D:13     | Killed Nessos
 33696 | D:13     | Identified Sif Muna's Papyrus of Unstable Attacks (Sif Muna gifted it to you on level 13 of the Dungeon)
 33696 | D:13     | Received a gift from Sif Muna
 33731 | D:13     | Learned a level 6 spell: Bolt of Cold
 34252 | D:14     | Reached skill level 13 in Ice Magic
 34399 | D:14     | Reached skill level 5 in Conjurations
 34638 | D:14     | Learned a level 5 spell: Metabolic Englaciation
 35165 | D:14     | Reached skill level 14 in Ice Magic
 35464 | D:14     | Found a gate to the Vaults.
 35476 | D:14     | Identified Sif Muna's Grimoire of Lucky Stolen Souls (Sif Muna gifted it to you on level 14 of the Dungeon)
 35476 | D:14     | Received a gift from Sif Muna
 35600 | D:15     | Entered Level 15 of the Dungeon
 36217 | D:15     | Reached skill level 15 in Ice Magic
 36217 | D:15     | Paralysed by an ogre mage for 6 turns
 36229 | D:15     | Paralysed by an ogre mage for 3 turns
 36819 | D:15     | Learned a level 3 spell: Regeneration
 36875 | D:15     | Reached XP level 16. HP: 122/139 MP: 30/30
 37096 | D:15     | Found a staircase to the Depths.
 38066 | Lair:2   | Learned a level 6 spell: Freezing Cloud
 38138 | Swamp:1  | Entered Level 1 of the Swamp
 38138 | Swamp:1  | Noticed a thorn hunter
 38141 | Swamp:1  | Killed a thorn hunter
 38360 | Swamp:1  | Identified Sif Muna's Catalogue of the Igneous Mountains (Sif Muna gifted it to you on level 1 of the Swamp)
 38360 | Swamp:1  | Received a gift from Sif Muna
 40216 | Swamp:1  | Reached skill level 10 in Conjurations
 40307 | Swamp:2  | Noticed a thorn hunter
 40309 | Swamp:2  | Killed a thorn hunter
 40309 | Swamp:2  | Reached skill level 1 in Air Magic
 40752 | Swamp:2  | Noticed Roxanne
 41131 | Swamp:2  | Reached skill level 5 in Air Magic
 41791 | Swamp:3  | Noticed a thorn hunter
 41801 | Swamp:3  | Killed a thorn hunter
 42070 | Swamp:3  | Learned a level 2 spell: Swiftness
 42104 | Swamp:3  | Noticed Aizul
 42125 | Swamp:3  | Killed Aizul
 42125 | Swamp:3  | Identified Sif Muna's Incunabulum of Companions and the Mountains (Sif Muna gifted it to you on level 3 of the Swamp)
 42125 | Swamp:3  | Received a gift from Sif Muna
 43457 | Swamp:4  | Entered Level 4 of the Swamp
 43618 | Swamp:4  | Paralysed by a hornet for 1 turns
 44536 | Swamp:4  | Reached XP level 17. HP: 134/146 MP: 8/31
 44538 | Swamp:4  | Paralysed by a hornet for 3 turns
 44868 | Swamp:3  | Reached skill level 10 in Air Magic
 47173 | Swamp:4  | Got a decaying rune of Zot
 47910 | Snake:1  | Entered Level 1 of the Snake Pit
 49047 | Snake:1  | Identified Dides's Catalogue of Feathers and Envenoming (Sif Muna gifted it to you on level 1 of the Snake Pit)
 49047 | Snake:1  | Received a gift from Sif Muna
 49998 | Snake:1  | You fall through a shaft!
 50130 | Snake:2  | Noticed Asterion
 50143 | Snake:2  | HP: 5/150 [Asterion/demon trident of draining (10)]
 50145 | Snake:2  | HP: 1/225 [Asterion/demon trident of draining (7)]
 50145 | Snake:2  | Slain by Asterion

Skill      XL: |  1  2  3  4  5  6  7  8  9 10 11 12 13 14 15 16 17 |
---------------+----------------------------------------------------+-----
Spellcasting   | 3 4 5 8 10 | 10.0
Ice Magic      | 4 6 10 11 15 | 15.2
Summonings     | 1 5 |  5.1
Fighting       | 3 9 10 11 13 | 13.5
Dodging        | 8 10 11 12 | 12.4
Long Blades    | 7 12 14 | 14.4
Shields        | 3 4 |  4.6
Conjurations   | 2 7 10 | 10.0
Air Magic      | 9 10 | 10.5
Stealth        | |  1.7

Action                   |  1- 3 |  4- 6 |  7- 9 | 10-12 | 13-15 | 16-18 || total
-------------------------+-------+-------+-------+-------+-------+-------++-------
Melee: Hand axe          |    43 |    73 |    60 |       |       |       ||   176
       Tailslap          |     2 |    10 |    17 |    55 |   126 |    60 ||   270
       War axe           |       |       |   107 |       |       |       ||   107
       Long sword        |       |       |    32 |   163 |       |       ||   195
       Demon blade       |       |       |       |   167 |  1034 |   527 ||  1728
 Fire: Hunting sling     |    60 |    59 |       |       |       |       ||   119
Throw: Stone             |       |     3 |    20 |    27 |    58 |    33 ||   141
 Cast: Freeze            |    42 |    63 |    97 |   156 |     9 |     2 ||   369
       Ozocubu's Armour  |       |     2 |    10 |    25 |    72 |    41 ||   150
       Summon Ice Beast  |       |       |    21 |    56 |    43 |    28 ||   148
       Throw Icicle      |       |       |     4 |    18 |    20 |       ||    42
       Summon Guardian G |       |       |       |       |    18 |     4 ||    22
       Call Canine Famil |       |       |       |       |     5 |       ||     5
       Bolt of Cold      |       |       |       |       |    24 |   156 ||   180
       Metabolic Englaci |       |       |       |       |     2 |       ||     2
       Ensorcelled Hiber |       |       |       |       |     1 |       ||     1
       Freezing Cloud    |       |       |       |       |       |    40 ||    40
       Regeneration      |       |       |       |       |       |    55 ||    55
Invok: Divine Energy     |       |       |       |     1 |       |       ||     1
       Forget Spell      |       |       |       |       |       |     2 ||     2
       Stop Divine Energ |       |       |       |       |       |     1 ||     1
 Abil: Breathe Frost     |       |       |    16 |    32 |    26 |     5 ||    79
       Evoke Flight      |       |       |       |       |       |    11 ||    11
Evoke: Wand              |       |     2 |     1 |     2 |       |       ||     5
  Use: Scroll            |       |     5 |     1 |    25 |    13 |     8 ||    52
       Potion            |       |       |     1 |       |     4 |     4 ||     9
 Stab: Sleeping          |     2 |       |       |     3 |    10 |     2 ||    17
       Distracted        |       |       |     1 |     2 |     3 |     1 ||     7
  Eat: Chunk             |     4 |    10 |    15 |    47 |    77 |    97 ||   250
       Fruit             |       |       |     5 |     3 |     2 |     1 ||    11
       Royal jelly       |       |       |     3 |       |       |       ||     3
Armor: Skin              |    27 |    54 |   133 |   136 |   248 |   142 ||   740
Dodge: Dodged            |    51 |   114 |   226 |   438 |   705 |   358 ||  1892
Block: Buckler           |       |       |       |       |   206 |    86 ||   292
       Rpst.: Long sword |       |       |    13 |    74 |       |       ||    87
       Demon blade       |       |       |       |    60 |   183 |    76 ||   319
